 Dungeon Crawl Stone Soup version 0.18.1-2-ga659475 (webtiles) character file.

47 inmateoo the Vexing (level 3, -2/26 HPs)
             Began as a Vampire Enchanter on May 8, 2016.
             Was an Initiate of Ru.
             Slain by Crazy Yiuf
             ... wielding a +4 quarterstaff of chaos
              (4 damage)
             ... on level 2 of the Dungeon.
             The game lasted 00:03:15 (1928 turns).

inmateoo the Vexing (Vampire Enchanter)             Turns: 1928, Time: 00:03:15

Health: -2/26      AC:  3    Str:  7    XL:     3   Next: 48%
Magic:  0/6        EV: 15    Int: 18    God:    Ru [......]
Gold:   106        SH:  0    Dex: 14    Spells: 3 memorised, 0 levels left

rFire  . . .     SeeInvis +     a - +1 dagger
rCold  . . .     Gourm    .     b - +1 robe
rNeg   + . .     Faith    .     (no shield)
rPois  .         Spirit   .     (no helmet)
rElec  .         Dismiss  .     (no cloak)
rCorr  .         Reflect  .     (no gloves)
SustAt .         Harm     .     (no boots)
MR     .....                    (no amulet)
Stlth  +++.......               (no ring)
                                e - +3 ring of evasion

@: not resistant to hostile enchantments, fairly stealthy
A: fangs 3, see invisible, unbreathing
a: Bat Form, Renounce Religion


You were on level 2 of the Dungeon.
You worshipped Ru.
Ru was noncommittal.
You were not thirsty.

You visited 1 branch of the dungeon, and saw 2 of its levels.

You collected 106 gold pieces.

Inventory:

Hand Weapons
 a - a +1 dagger (weapon)
Armour
 b - a +1 robe (worn)
Jewellery
 e - a +3 ring of evasion (left hand)
Scrolls
 g - 2 scrolls of identify
 h - a scroll of fear {unknown}
 i - 2 scrolls of remove curse {unknown}
 k - a scroll of teleportation {unknown}
 l - a scroll of recharging {unknown}
Potions
 d - a potion of blood
 f - 2 potions of curing
 j - a potion of flight
Books
 c - a book of Maledictions

   Spells                             Type                      Level
   a - Corona                         Hexes                        1
   b - Ensorcelled Hibernation        Hexes/Ice                    2
   c - Confuse                        Hexes                        3
   d - Tukima's Dance                 Hexes                        3
   e - Dazzling Spray                 Conjuration/Hexes            3


   Skills:
 + Level 1.0 Fighting
 + Level 1.4 Short Blades
 + Level 2.3 Dodging
 + Level 5.0 Stealth
 + Level 2.2 Spellcasting
 * Level 5.2 Hexes


You couldn't memorise any spells.
You knew the following spells:

 Your Spells              Type           Power        Failure   Level  Hunger
a - Corona                Hex            ###....      1%          1    #......
b - Ensorcelled Hibernat  Hex/Ice        ##....       12%         2    ##.....
c - Confuse               Hex            ###.....     10%         3    ###....


Dungeon Overview and Level Annotations

Branches:
Dungeon (2/15)

Altars:
Ru

Annotations:
D:2 Crazy Yiuf


Innate Abilities, Weirdness & Mutations

You have razor-sharp teeth.
You have supernaturally acute eyesight.
You can survive without breathing.


Message History

Aiming: Confuse
Press: ? - help, Shift-Dir - straight line, f/p - Crazy Yiuf
Aim: Crazy Yiuf, wielding a quarterstaff of chaos and wearing an embroidered cloak (chance to defeat MR: 25%) Crazy Yiuf appears confused.
You catch the helpless Crazy Yiuf completely off-guard!
You puncture Crazy Yiuf!
Crazy Yiuf is severely wounded.
You hit Crazy Yiuf but do no damage.
Crazy Yiuf is severely wounded.
Crazy Yiuf says, "My, my head's in a spin!"
Crazy Yiuf hits you with a quarterstaff of chaos!
Crazy Yiuf burns you.
You hit Crazy Yiuf but do no damage.
Crazy Yiuf is severely wounded.
You hit Crazy Yiuf but do no damage.
Crazy Yiuf is severely wounded.
Crazy Yiuf hits you with a quarterstaff of chaos!
* * * LOW HITPOINT WARNING * * *
Crazy Yiuf freezes you.
You die...

#.# #.#.#
#........##.####.# ##.#
#.#.# ###########.####.#
#.## #.#.# #...........#.#
##.# #.#.# #.#......####.#
#.## #.#.# #.#.#########.#
##.##
#.#.######.#.##........#
#.PP##
#.....................##
#.#PP#
#.#.######.#.##.#####.#
#....#
#g#(..g@......#.#####.##
##....#
#.########.#............
#.#...# #.#
#....#.#####...
#.#..#####.## #...##.#
#### #...........#
#....#.#
###################....#.#
.......................#.#
####################...#.#
#...#.########


You could see Crazy Yiuf (confused).

Vanquished Creatures
  An adder (D:2)
  2 oozes
  A worm (D:2)
  A giant gecko (D:2)
  7 goblins
  A hobgoblin (D:2)
  2 quokkas (D:2)
  A bat (D:2)
  5 kobolds
  5 rats
  A fungus (D:2)
27 creatures vanquished.

Notes
Turn   | Place    | Note
--------------------------------------------------------------
     0 | D:1      | inmateoo the Vampire Enchanter began the quest for the Orb.
     0 | D:1      | Reached XP level 1. HP: 13/13 MP: 3/3
   251 | D:1      | Reached XP level 2. HP: 20/20 MP: 5/5
   259 | D:1      | Learned a level 2 spell: Ensorcelled Hibernation
   913 | D:2      | Reached skill level 5 in Hexes
  1164 | D:2      | Reached XP level 3. HP: 16/25 MP: 1/6
  1169 | D:2      | Learned a level 3 spell: Confuse
  1473 | D:2      | Reached skill level 1 in Fighting
  1497 | D:2      | Found a sacrificial altar of Ru.
  1516 | D:2      | Became a worshipper of Ru the Awakened
  1530 | D:2      | Reached skill level 5 in Stealth
  1889 | D:2      | Noticed Crazy Yiuf
  1928 | D:2      | Slain by Crazy Yiuf

Skill      XL: |  1  2  3 |
---------------+----------+-----
Hexes          | 5 |  5.2
Fighting       | 1 |  1.0
Stealth        | 5 |  5.0
Short Blades   | |  1.4
Dodging        | |  2.3
Spellcasting   | |  2.2

Action                   || total
-------------------------++-------
Melee: Dagger            ||   110
       Bite              ||     7
 Cast: Ensorcelled Hiber ||     7
       Confuse           ||     3
  Use: Scroll            ||     3
 Stab: Sleeping          ||     9
       Distracted        ||     1
       Confused          ||     1
  Eat: Corpse            ||     6
Armor: Robe              ||     9
Dodge: Dodged            ||    54
